 Dungeon Crawl Stone Soup version 0.19.0-24-gb05acd6 (webtiles) character file.

279 Gargoyl the Skirmisher (level 6, -1/49 HPs)
             Began as a Demonspawn Abyssal Knight on Nov 23, 2016.
             Was a Follower of Lugonu.
             Slain by Nimsei's ghost (3 damage)
             ... on level 3 of the Dungeon.
             The game lasted 00:06:51 (3641 turns).

Gargoyl the Skirmisher (Demonspawn Abyssal Knight)  Turns: 3641, Time: 00:06:52

Health: -1/49      AC:  8    Str: 20    XL:     6   Next: 5%
Magic:  8/8        EV: 10    Int: 18    God:    Lugonu [*.....]
Gold:   174        SH:  0    Dex: 12    Spells: 0 memorised, 5 levels left

rFire  . . .     SeeInvis .     a - +2 hand axe
rCold  . . .     Gourm    .     m - +0 scale mail
rNeg   . . .     Faith    .     (no shield)
rPois  .         Spirit   .     (helmet restricted)
rElec  .         Reflect  .     (no cloak)
rCorr  .         Harm     .     g - +0 pair of gloves
MR     .....                    (no boots)
Stlth  ..........               (no amulet)
                                (no ring)
                                (no ring)

@: mighty, brilliant
A: horns 1, powered by pain 1
a: Depart the Abyss, Renounce Religion


You were on level 3 of the Dungeon.
You worshipped Lugonu.
Lugonu was aware of your devotion.
You were not hungry.

You visited 1 branch of the dungeon, and saw 3 of its levels.
You visited the Abyss 1 time.

You collected 174 gold pieces.

Inventory:

Hand Weapons
 a - a +2 hand axe (weapon)
Armour
 g - a +0 pair of gloves (worn)
 m - a +0 scale mail (worn)
Scrolls
 e - a scroll of remove curse
 j - a scroll of magic mapping {unknown}
 l - 2 scrolls of recharging
 o - a scroll of random uselessness {unknown}
 p - 2 scrolls of fog {unknown}
 q - a scroll of enchant weapon
Potions
 b - a potion of flight
 n - 2 potions of brilliance
Comestibles
 c - 4 bread rations
 d - 4 fruits
 f - 2 beef jerkies
 h - 2 meat rations
 k - a slice of pizza


   Skills:
 + Level 4.4 Fighting
 + Level 2.9 Axes
 * Level 3.7 Armour
 + Level 1.4 Dodging
 * Level 3.5 Invocations


You had 5 spell levels left.
You didn't know any spells.

Dungeon Overview and Level Annotations

Branches:
Dungeon (3/15)

Altars:
Cheibriados

Annotations:
D:3 Nimsei's ghost, weakling DsGl


Innate Abilities, Weirdness & Mutations

You have a pair of small horns on your head.
You sometimes gain a little power by taking damage.


Message History

* * * LOW HITPOINT WARNING * * *
You hit Nimsei's ghost but do no damage.
Your headbutt misses Nimsei's ghost.
Nimsei's ghost is almost destroyed.
Nimsei's ghost barely misses you. Nimsei's ghost completely misses you.
It was a potion of brilliance.
You feel clever all of a sudden. Nimsei's ghost hits you.
* * * LOW HITPOINT WARNING * * *
It was a potion of might.
You feel very mighty all of a sudden. Nimsei's ghost completely misses you.
It was a potion of curing.
You feel better. Nimsei's ghost hits you!
* * * LOW HITPOINT WARNING * * *
You focus on the pain.
You feel mightier all of a sudden.
You closely miss Nimsei's ghost.
Nimsei's ghost is almost destroyed.
Nimsei's ghost hits you.
You die...

.# #..(....# .#
#.......#.........# .#
#.......#.........# ##
#.......#.........# ####
#.......#.........#
...########.......#.........#
##.......#####.####.........#
########...###.####h.†......#
# #####......@Whhh.†...... #
#....###..#####.......#. #
#....###..######.....### #
#......>....)....../......
#....###..##########.###..
#....##...................
#######.#..##=............
##..##.###.......... #..###.#
###.##..##


You could see Nimsei's ghost and 4 jackals.

Vanquished Creatures
  A phantom (D:3)
  A quasit (Abyss:2)
  Ijyb (D:2)
  5 adders
  3 worms (D:2)
  A leopard gecko (D:3)
  4 orcs (D:3)
  5 bats
  3 giant cockroaches
  11 goblins
  7 hobgoblins
  6 jackals
  4 kobolds
  2 quokkas (D:3)
  A ball python (D:3)
  4 frilled lizards
  11 rats
70 creatures vanquished.

Notes
Turn   | Place    | Note
-------+----------+-------------------------------------------
     0 | Abyss:1  | Gargoyl the Demonspawn Abyssal Knight began the quest for the Orb.
     0 | Abyss:1  | Reached XP level 1. HP: 18/18 MP: 2/2
    29 | Abyss:2  | Noticed a quasit
    34 | Abyss:2  | Killed a quasit
    34 | Abyss:2  | Reached skill level 1 in Dodging
    34 | Abyss:2  | Gained mutation: You sometimes gain a little power by taking damage. [demonic ancestry]
    34 | Abyss:2  | Reached XP level 2. HP: 12/25 MP: 3/3
    34 | Abyss:2  | Reached XP level 3. HP: 15/30 MP: 4/4
    49 | Abyss:2  | Noticed an ancient zyme
    78 | Abyss:2  | Noticed an ancient zyme
    85 | Abyss:2  | Noticed a ynoxinul
    86 | D:1      | Escaped the Abyss
   446 | D:1      | Reached skill level 4 in Fighting
   695 | D:1      | Reached * piety under Lugonu
  1386 | D:2      | Reached XP level 4. HP: 17/37 MP: 6/6
  1696 | D:2      | Noticed Ijyb
  1716 | D:2      | Killed Ijyb
  1945 | D:2      | Found a snail-covered altar of Cheibriados.
  2547 | D:2      | Reached XP level 5. HP: 42/42 MP: 7/7
  3051 | D:3      | Noticed a phantom
  3114 | D:3      | Killed a phantom
  3404 | D:3      | Gained mutation: You have a pair of small horns on your head. [demonic ancestry]
  3404 | D:3      | Reached XP level 6. HP: 37/49 MP: 8/8
  3611 | D:3      | Noticed Nimsei's ghost (weakling DsGl)
  3640 | D:3      | HP: 2/49 [Nimsei's ghost (9)]
  3641 | D:3      | Slain by Nimsei's ghost

Skill      XL: |  1  2  3  4  5 |
---------------+----------------+-----
Armour         | 2 3 |  3.7
Dodging        | 1 |  1.4
Fighting       | 4 |  4.4
Axes           | 2 |  2.9
Invocations    | 3 |  3.5

Action                   |  1- 3 |  4- 6 || total
-------------------------+-------+-------++-------
Melee: Hand axe          |   108 |   177 ||   285
       Headbutt          |       |     1 ||     1
Invok: Depart the Abyss  |     1 |       ||     1
  Use: Potion            |     2 |     3 ||     5
       Scroll            |       |     6 ||     6
  Eat: Chunk             |     2 |     7 ||     9
Armor: Leather armour    |    21 |       ||    21
       Scale mail        |    32 |    78 ||   110
Dodge: Dodged            |    59 |    74 ||   133
